[Event "Titled Tuesday Blitz August 15 Early 2023"]
[White "Saito, Vinicius"]
[Black "Osiecki, Stanislaw"]
[WhiteFideId "2113384"]
[BlackFideId "1102990"]
[WhiteElo "2341"]
[BlackElo "2046"]
[Result "1-0"]
[Round "5"]
[TimeControl "180+1"]
[Date "2023.08.15"]
[WhiteClock "0:01:10"]
[BlackClock "0:00:00"]
[Board "194"]

1. e4 e6 2. d3 d5 3. Nd2 c5 4. Ngf3 Nf6 5. g3 Nc6 6. Bg2 Be7 7. O-O O-O 8. Re1 dxe4 9. dxe4 e5 10. c3 Bg4 11. h3 Bh5 12. g4 Bg6 13. Qe2 a6 14. a4 Qc7 15. Nh4 Rfb8 16. Nf5 Bxf5 17. exf5 b5 18. axb5 axb5 19. Rxa8 Rxa8 20. Qxb5 Rc8 21. Ne4 Na7 22. Qc4 Nxe4 23. Bxe4 h6 24. Bd5 Bf6 25. Be3 Qd6 26. Ra1 Rc7 27. Ra6 Qe7 28. Qe4 Nb5 29. Rb6 Nd6 30. Rb8+ Kh7 31. Qc2 e4 32. Ra8 Qe5 33. c4 Qxb2 34. Qxb2 Bxb2 35. Bf4 Rd7 36. Bxd6 Rxd6 37. Bxf7 g5 38. fxg6+ Kg7 39. Rg8+ Kf6 40. Bd5 Rd7 41. Bxe4 Bd4 42. Kg2 Ra7 43. Rf8+ Kg7 44. Rf3 Rc7 45. h4 Re7 46. Bf5 Ra7 47. h5 Rc7 48. Be6 Ra7 49. Rf7+ Rxf7 50. gxf7 Be5 51. Kf3 Bd6 52. Ke4 Kf6 53. Bd5 1-0


[Site "https://www.chess.com"]

[Event "Titled Tuesday Blitz August 15 Early 2023"]
[White "Wilson, Otis"]
[Black "rikchessmx"]
[WhiteFideId "30904021"]
[WhiteElo "1973"]
[BlackElo "2339"]
[Result "1-0"]
[Round "5"]
[TimeControl "180+1"]
[Date "2023.08.15"]
[WhiteClock "0:00:03"]
[BlackClock "0:00:00"]
[Board "195"]

1. d4 d5 2. c4 e6 3. Nc3 Nf6 4. e3 c6 5. Nge2 Nbd7 6. Ng3 h5 7. h4 Be7 8. Be2 g6 9. b3 Bd6 10. f4 Bb4 11. Bd2 Be7 12. Nf1 Nh7 13. g3 b6 14. Nh2 Bb7 15. Nf3 dxc4 16. bxc4 c5 17. O-O Nhf6 18. Qc2 cxd4 19. exd4 Ng4 20. Rad1 O-O 21. Ne4 Bxe4 22. Qxe4 Ndf6 23. Qc2 Rc8 24. Bc1 Qc7 25. Ne5 Kg7 26. Bd3 Qd6 27. Bxg6 fxg6 28. Qxg6+ Kh8 29. Nf7+ Rxf7 30. Qxf7 Rf8 31. Qg6 Rg8 32. Qd3 Nh7 33. Kh1 Bf6 34. f5 e5 35. dxe5 Qxe5 36. Bf4 Qc5 37. Rd2 Rd8 38. Qf3 Rxd2 39. Bxd2 Qxc4 40. Re1 Kg7 41. Qe2 Qd5+ 42. Qg2 Qxf5 43. Rf1 Qe6 44. Qf3 Nf8 45. Bc3 Ng6 46. Bxf6+ Nxf6 47. Qg2 Ne5 48. Qf2 Nfg4 49. Qf4 1-0


[Site "https://www.chess.com"]

[Event "Titled Tuesday Blitz August 15 Early 2023"]
[White "Nithyalakshmi, Sivanesan"]
[Black "Navyblue1"]
[WhiteFideId "5706955"]
[WhiteElo "2336"]
[BlackElo "1959"]
[Result "1-0"]
[Round "5"]
[TimeControl "180+1"]
[Date "2023.08.15"]
[WhiteClock "0:00:08"]
[BlackClock "0:00:00"]
[Board "196"]

1. e4 c5 2. Nc3 d6 3. f4 Nc6 4. Nf3 g6 5. Bc4 Bg7 6. d3 e6 7. O-O Nge7 8. Qe1 Nd4 9. Qf2 Nxf3+ 10. Qxf3 O-O 11. Kh1 a6 12. a4 Rb8 13. Be3 Bd7 14. a5 Bc6 15. Ba2 b5 16. axb6 Rxb6 17. Bb3 Qc7 18. Qh3 Qb7 19. f5 exf5 20. exf5 Nxf5 21. Bf4 d5 22. Na4 Bxa4 23. Rxa4 Rxb3 24. cxb3 Qxb3 25. Raa1 Bxb2 26. Rab1 Qc3 27. Bg5 Re8 28. Qg4 Qd4 29. Qd1 Bc3 30. Qb3 Bb4 31. Qa4 Rf8 32. Qxa6 h6 33. Bf6 Qe3 34. Qb6 d4 35. Qc6 Qxd3 36. Rfd1 Qe3 37. Rf1 Qe6 38. Qxe6 fxe6 39. Be5 Rf7 40. g4 Ne7 41. Rxf7 Kxf7 42. Rf1+ Ke8 43. Rf6 d3 44. Bf4 d2 45. Bxd2 Bxd2 46. Rxe6 Bb4 47. Kg2 Kf7 48. Ra6 Bc3 49. Kf3 Bd4 50. Ke4 Kg7 51. Ra7 Kf7 52. Rb7 Kf6 53. h4 g5 54. h5 Kf7 55. Rb6 Kg7 56. Re6 Ng8 57. Rg6+ Kh7 58. Rc6 1-0


[Site "https://www.chess.com"]

[Event "Titled Tuesday Blitz August 15 Early 2023"]
[White "cthake"]
[Black "Sovetbekova, Nurai"]
[BlackFideId "13801910"]
[WhiteElo "1821"]
[BlackElo "2334"]
[Result "0-1"]
[Round "5"]
[TimeControl "180+1"]
[Date "2023.08.15"]
[WhiteClock "0:00:00"]
[BlackClock "0:00:05"]
[Board "197"]

1. e4 c5 2. Nc3 Nc6 3. f4 g6 4. Nf3 Bg7 5. Bb5 Nd4 6. Bc4 e6 7. O-O Ne7 8. Nxd4 cxd4 9. Ne2 O-O 10. d3 d5 11. Bb3 b6 12. e5 Nf5 13. Qe1 Ba6 14. Ng3 Rc8 15. Nxf5 exf5 16. Qf2 f6 17. Re1 fxe5 18. fxe5 Re8 19. Qxd4 Bb7 20. Qf4 Qc7 21. d4 h6 22. c3 g5 23. Qf3 Qf7 24. Bd2 f4 25. Bc2 Rc7 26. Qg4 Bc8 27. Qf3 Rf8 28. h3 h5 29. Qd3 Bf5 30. e6 Qg6 31. Qf3 Bxc2 32. e7 Re8 33. Qxd5+ Qf7 34. Qxg5 Rcxe7 35. Rxe7 Rxe7 36. Bxf4 Re2 37. Rf1 Qg6 38. Qd8+ Kh7 39. g3 Be4 40. Rf2 Rxf2 41. Kxf2 Qf5 42. Qh4 Bb1 43. Qe7 Qc2+ 44. Ke3 Qd3+ 45. Kf2 Qc2+ 46. Qe2 Qxe2+ 47. Kxe2 Bxa2 48. Bb8 a6 49. Ba7 b5 50. Bc5 Kg6 51. Ke3 Kf5 52. Kf3 Bd5+ 53. Kf2 Bf6 54. Bd6 Bg5 55. Bb8 Bc1 56. b4 Bd2 57. Be5 Bxc3 58. Ke3 Bxb4 59. Kd3 Bc4+ 60. Ke3 Ba3 61. Kf3 Bb2 62. g4+ hxg4+ 63. hxg4+ Kg6 64. Ke4 Bf7 65. Bb8 a5 66. d5 a4 67. d6 Be8 68. Kd3 a3 69. Kc2 Bd7 70. Kb3 Kg5 71. Bc7 Kxg4 72. Bb6 Be6+ 0-1


[Site "https://www.chess.com"]

[Event "Titled Tuesday Blitz August 15 Early 2023"]
[White "Vargas, Mauricio"]
[Black "Rodriguez Santiago, Jaime"]
[WhiteFideId "4404572"]
[BlackFideId "3100898"]
[WhiteElo "1884"]
[BlackElo "2280"]
[Result "0-1"]
[Round "5"]
[TimeControl "180+1"]
[Date "2023.08.15"]
[WhiteClock "0:00:00"]
[BlackClock "0:01:00"]
[Board "198"]

1. e4 g6 2. Nc3 d6 3. f4 c6 4. Nf3 d5 5. e5 h5 6. g3 Nh6 7. h3 Bf5 8. d3 e6 9. Bg2 Bb4 10. a3 Ba5 11. b4 Bb6 12. Na4 a5 13. Bd2 axb4 14. Nxb6 Qxb6 15. Bxb4 c5 16. Bd2 Nc6 17. O-O c4+ 18. Kh2 cxd3 19. cxd3 Bxd3 20. Rg1 Nd4 21. Bc3 Nxf3+ 22. Bxf3 Ng4+ 23. Bxg4 hxg4 24. h4 Be4 25. Bd4 Qa6 26. Bc5 Rc8 27. Bd6 Rc2+ 0-1


[Site "https://www.chess.com"]

[Event "Titled Tuesday Blitz August 15 Early 2023"]
[White "Dilmukhametov, Artur"]
[Black "Nikulina, Alena"]
[WhiteFideId "24179922"]
[BlackFideId "4172051"]
[WhiteElo "2275"]
[BlackElo "2058"]
[Result "0-1"]
[Round "5"]
[TimeControl "180+1"]
[Date "2023.08.15"]
[WhiteClock "0:00:00"]
[BlackClock "0:00:08"]
[Board "199"]

1. e4 c5 2. d4 cxd4 3. c3 Nf6 4. e5 Nd5 5. cxd4 d6 6. exd6 Qxd6 7. Nf3 Bg4 8. Be2 e6 9. Nc3 Nxc3 10. bxc3 Be7 11. O-O O-O 12. a4 Nd7 13. Ba3 Qc7 14. Bxe7 Rfe8 15. Bh4 Qxc3 16. Rc1 Qa5 17. Bg3 Nf6 18. Ne5 Bxe2 19. Qxe2 Nd5 20. Qf3 f6 21. Nd7 Qxa4 22. Nc5 Qc6 23. Rfe1 Rac8 24. Nd3 Qd7 25. Rxc8 Qxc8 26. Nc5 b6 27. Nxe6 Qc3 28. Qxc3 Nxc3 29. f3 Nb5 30. d5 Kf7 31. Nf4 Rxe1+ 32. Bxe1 a5 33. Bf2 a4 34. Bxb6 a3 35. d6 a2 36. Bd4 Nxd4 37. d7 a1=Q+ 38. Kf2 Nc6 39. Nd5 Qa2+ 0-1


[Site "https://www.chess.com"]

[Event "Titled Tuesday Blitz August 15 Early 2023"]
[White "Stangl, Anita, Dr."]
[Black "Zampronha, Wladimir Camilo"]
[WhiteFideId "4608801"]
[BlackFideId "2103087"]
[WhiteElo "2066"]
[BlackElo "2232"]
[Result "0-1"]
[Round "5"]
[TimeControl "180+1"]
[Date "2023.08.15"]
[WhiteClock "0:01:23"]
[BlackClock "0:01:02"]
[Board "200"]

1. e4 c5 2. Nf3 e6 3. d4 cxd4 4. Nxd4 Nc6 5. Nc3 Qc7 6. Bc4 a6 7. a3 Nf6 8. O-O Nxd4 9. Qxd4 Bc5 10. Qd3 Ng4 11. g3 Ne5 12. Bf4 Nxd3 13. Bxc7 Nxb2 14. Be2 Bd4 15. Nd1 Na4 16. Rb1 b5 17. c4 bxc4 18. Bxc4 O-O 19. Bxe6 dxe6 20. Rb4 Nc3 21. Rxd4 Ne2+ 22. Kg2 Nxd4 23. Ne3 Bb7 24. f3 Rac8 25. Be5 Nc6 26. Bb2 Na5 27. Rd1 Nc4 28. Bd4 Rfd8 29. Ba7 Nxe3+ 0-1


[Site "https://www.chess.com"]

[Event "Titled Tuesday Blitz August 15 Early 2023"]
[White "Thiel, Thomas"]
[Black "ivana_999"]
[WhiteFideId "4615964"]
[WhiteElo "2222"]
[BlackElo "2040"]
[Result "1/2-1/2"]
[Round "5"]
[TimeControl "180+1"]
[Date "2023.08.15"]
[WhiteClock "0:01:31"]
[BlackClock "0:01:26"]
[Board "201"]

1. e4 e6 2. d4 d5 3. Nc3 Nf6 4. Bg5 Bb4 5. e5 h6 6. Bd2 Bxc3 7. bxc3 Ne4 8. Bc1 Nxc3 9. Qg4 g6 10. Bd3 Ne4 11. Bxe4 dxe4 12. Qxe4 Qd5 13. Qxd5 exd5 14. Nf3 Bg4 15. Nd2 Nc6 16. c3 Bf5 17. O-O O-O-O 18. a4 Na5 19. Ba3 b6 20. Bb4 Nc6 21. a5 Nxb4 22. cxb4 b5 23. Nb3 Bd3 24. Nc5 Bxf1 25. Kxf1 c6 26. Ke2 f6 27. f4 g5 28. g3 Rde8 29. Kd3 h5 30. Re1 h4 31. e6 1/2-1/2


[Site "https://www.chess.com"]

[Event "Titled Tuesday Blitz August 15 Early 2023"]
[White "White, John S."]
[Black "Floresvillar Gonzalez, Luis Migu"]
[WhiteFideId "2502348"]
[BlackFideId "5100542"]
[WhiteElo "2010"]
[BlackElo "2111"]
[Result "0-1"]
[Round "5"]
[TimeControl "180+1"]
[Date "2023.08.15"]
[WhiteClock "0:00:29"]
[BlackClock "0:00:45"]
[Board "202"]

1. e4 c6 2. d4 d5 3. Nc3 dxe4 4. Nxe4 Bf5 5. Ng3 Bg6 6. h4 h6 7. h5 Bh7 8. Nf3 Nd7 9. Bd3 Bxd3 10. Qxd3 e6 11. O-O Ngf6 12. c4 Bd6 13. Ne4 Nxe4 14. Qxe4 O-O 15. Bf4 Nf6 16. Qe3 Bxf4 17. Qxf4 Nxh5 18. Qe3 Nf6 19. Rfd1 Re8 20. Rd2 Qc7 21. Rad1 Rad8 22. Qb3 a5 23. a3 b6 24. Rc2 c5 25. Rcd2 Ne4 26. Rd3 cxd4 27. Nxd4 Nc5 28. Nb5 Qe7 29. Qc2 Nxd3 30. Rxd3 Rxd3 31. Qxd3 Rd8 32. Qe3 Qc5 33. Qe4 Rd1+ 34. Kh2 Qh5+ 35. Kg3 Qg5+ 36. Kh2 Qh5+ 37. Kg3 Qg6+ 38. Qxg6 fxg6 39. Nc7 Rd4 40. Nxe6 Rxc4 41. Nf4 g5 42. Nd5 Rc6 43. Kf3 Kf7 44. Ke3 Rc2 45. b4 axb4 46. axb4 b5 47. g3 h5 48. f4 gxf4+ 49. Nxf4 g6 50. Ne2 Rc4 51. Nd4 Rxb4 52. Kd3 Rxd4+ 53. Kxd4 g5 54. Kc5 h4 55. gxh4 gxh4 56. Kxb5 h3 57. Kc4 h2 58. Kd4 h1=Q 0-1


[Site "https://www.chess.com"]

[Event "Titled Tuesday Blitz August 15 Early 2023"]
[White "Haszon, David"]
[Black "Hrescak, Ivana"]
[WhiteFideId "733610"]
[BlackFideId "14613441"]
[WhiteElo "2499"]
[BlackElo "2261"]
[Result "1-0"]
[Round "5"]
[TimeControl "180+1"]
[Date "2023.08.15"]
[WhiteClock "0:00:34"]
[BlackClock "0:00:04"]
[Board "204"]

1. Nf3 d5 2. g3 Bg4 3. Bg2 Nd7 4. O-O e5 5. d3 Ngf6 6. Nbd2 c6 7. b3 Bd6 8. Bb2 O-O 9. Qe1 Re8 10. e4 dxe4 11. Nxe4 Nxe4 12. Qxe4 Nf6 13. Qe3 Nd5 14. Qe1 f6 15. Nd2 Qd7 16. f3 Bh3 17. Ne4 Bf8 18. a3 Bxg2 19. Kxg2 Rad8 20. Rd1 f5 21. Nf2 f4 22. Ng4 Bd6 23. c4 h5 24. Nh6+ gxh6 25. cxd5 cxd5 26. Qd2 Kh7 27. d4 e4 28. fxe4 dxe4 29. d5 fxg3 30. Rf6 Qg7 31. Rxd6 Qg4 32. Qxh6+ Kg8 33. Qh8+ 1-0


[Site "https://www.chess.com"]

[Event "Titled Tuesday Blitz August 15 Early 2023"]
[White "Pumpkin_in_moonlight"]
[Black "Rama, Tejas"]
[BlackFideId "30907381"]
[WhiteElo "2240"]
[BlackElo "2454"]
[Result "1-0"]
[Round "5"]
[TimeControl "180+1"]
[Date "2023.08.15"]
[WhiteClock "0:00:04"]
[BlackClock "0:00:12"]
[Board "205"]

1. e4 c5 2. Nf3 d6 3. Bb5+ Bd7 4. a4 Nf6 5. Qe2 g6 6. O-O Bg7 7. Nc3 O-O 8. Rd1 Nc6 9. Nd5 a6 10. Bc4 Bg4 11. c3 Ne5 12. Bb3 Nh5 13. d4 cxd4 14. cxd4 Nxf3+ 15. gxf3 Bh3 16. Kh1 e6 17. Nf4 Nxf4 18. Bxf4 Qe7 19. Rac1 Rac8 20. Qd2 Qh4 21. Bg3 Qh5 22. Qe2 Rxc1 23. Rxc1 Bxd4 24. Bxd6 Be5 25. Bxe5 Qxe5 26. Rg1 Rd8 27. Qe3 Qxb2 28. f4 Rd2 29. Qxh3 Rxf2 30. Bxe6 Qe2 31. Bd5 Rf3 32. Qg2 Rf2 33. Qg3 Kg7 34. f5 Qf3+ 35. Qxf3 Rxf3 36. Kg2 Re3 37. Rb1 Kf6 38. Rxb7 gxf5 39. Rxf7+ Ke5 40. Rxf5+ Kd4 41. Kf2 Ra3 42. Rf3 Rxa4 43. Kg3 Rb4 44. h4 Rb8 45. Ra3 a5 46. Rxa5 Rf8 47. Kg4 Ke5 48. Kg5 Rf4 49. Ra6 Rf1 50. Re6+ Kd4 51. Rf6 Rg1+ 52. Kh6 Rh1 53. h5 Rh4 54. Rf5 Ke3 55. Kxh7 Rh3 56. Kg6 Rg3+ 57. Rg5 Rh3 58. h6 Kd4 59. h7 Rf3 60. Kg7 Rf8 61. h8=Q Rxh8 62. Kxh8 1-0


[Site "https://www.chess.com"]

[Event "Titled Tuesday Blitz August 15 Early 2023"]
[White "Schachpanda_Youtube"]
[Black "Herman, Matthew"]
[BlackFideId "2028964"]
[WhiteElo "2231"]
[BlackElo "2428"]
[Result "0-1"]
[Round "5"]
[TimeControl "180+1"]
[Date "2023.08.15"]
[WhiteClock "0:00:00"]
[BlackClock "0:00:10"]
[Board "206"]

1. e4 c5 2. d4 cxd4 3. c3 d3 4. Bxd3 Nc6 5. c4 g6 6. Nf3 d6 7. O-O Bg4 8. Nc3 Bg7 9. Be2 Bxf3 10. Bxf3 Nf6 11. Re1 O-O 12. Be3 Nd7 13. Rc1 Qa5 14. Qd2 Rfc8 15. b3 Nc5 16. Bf4 a6 17. Qe3 Bd4 18. Qd2 Bg7 19. Qe3 Bd4 20. Qd2 Be5 21. Nd5 Qxd2 22. Bxd2 Nd3 23. Nb6 Nxe1 24. Nxc8 Nxf3+ 25. gxf3 Rxc8 26. Be3 Nd4 27. Kg2 Ne6 28. Rd1 Kg7 29. h4 h6 30. Rd2 g5 31. hxg5 hxg5 32. Rd1 f6 33. Rh1 Rh8 34. Rxh8 Kxh8 35. Kh3 Kg7 36. Kg4 Kg6 37. a3 Ng7 38. b4 e6 39. Kh3 f5 40. Kg2 f4 41. Bb6 Ne8 42. Bd8 Bf6 43. Bc7 Be7 44. Bb6 Nf6 45. Bd4 Nd7 0-1


[Site "https://www.chess.com"]

[Event "Titled Tuesday Blitz August 15 Early 2023"]
[White "KSho99"]
[Black "Valle Maytin, Luis Enrique"]
[BlackFideId "3503666"]
[WhiteElo "2198"]
[BlackElo "2374"]
[Result "1-0"]
[Round "5"]
[TimeControl "180+1"]
[Date "2023.08.15"]
[WhiteClock "0:00:18"]
[BlackClock "0:00:13"]
[Board "207"]

1. Nf3 d5 2. e3 Nf6 3. b3 e6 4. Bb2 Be7 5. d4 O-O 6. Bd3 b6 7. Nbd2 c5 8. O-O Ba6 9. c4 Nc6 10. Rc1 Rc8 11. dxc5 Bxc5 12. a3 dxc4 13. Nxc4 Qd5 14. Qc2 Qh5 15. Qb1 Rfd8 16. Be2 Qg6 17. b4 Bxc4 18. Rxc4 Qxb1 19. Rxb1 Bd6 20. Rbc1 Ne7 21. Bxf6 gxf6 22. Nd4 Bb8 23. Rxc8 Rxc8 24. Rxc8+ Nxc8 25. Nc6 Bc7 26. Ba6 Nd6 27. Nxa7 Ne4 28. f3 Nc3 29. Nb5 Nxb5 30. Bxb5 Kf8 31. h4 Bg3 32. h5 Kg7 33. Be8 e5 34. a4 f5 35. Kf1 Bh4 36. a5 bxa5 37. bxa5 Bg5 38. Ke2 Bd8 39. a6 Bb6 40. Bd7 Kf6 41. g4 fxg4 42. fxg4 Kg5 43. Bf5 h6 44. e4 Kf4 45. Kd3 Kg5 46. Kc4 Kf6 47. Kb5 Bd4 48. Kc6 Ke7 49. Kb7 Kd8 50. a7 Bxa7 51. Kxa7 Kc7 52. Ka6 Kc6 53. Ka5 Kc5 54. Ka4 Kc4 55. Ka3 Kc3 56. Ka2 Kc2 57. Ka3 Kc3 58. Bh7 f6 59. Bf5 Kc4 60. Kb2 Kd3 61. Kb3 Kd4 62. Kb4 Ke3 63. Kc5 Kf3 64. Kd5 Kf4 65. Ke6 Kg5 66. Kf7 Kh4 67. Kxf6 Kg3 68. Kxe5 Kh4 69. Kf6 Kg3 70. e5 Kf4 71. e6 Kg3 72. e7 Kh4 73. Kf7 Kg3 74. e8=Q Kh4 75. Qe1+ Kh3 76. g5+ Kg2 77. Be4+ Kh3 78. Qe3+ Kg4 79. Qf3+ Kxg5 80. Qg3+ Kxh5 81. Bg6# 1-0


[Site "https://www.chess.com"]

[Event "Titled Tuesday Blitz August 15 Early 2023"]
[White "Putri, Regita Desyari"]
[Black "MarijaKuznecova"]
[WhiteFideId "7109083"]
[WhiteElo "2192"]
[BlackElo "2363"]
[Result "1-0"]
[Round "5"]
[TimeControl "180+1"]
[Date "2023.08.15"]
[WhiteClock "0:00:19"]
[BlackClock "0:00:36"]
[Board "208"]

1. d4 Nf6 2. c4 c5 3. Nf3 cxd4 4. Nxd4 e5 5. Nb5 d5 6. cxd5 Bc5 7. d6 Bxf2+ 8. Kxf2 Ng4+ 9. Ke1 Qh4+ 10. g3 Qf6 11. d7+ Bxd7 12. Nd6+ Kf8 13. Ne4 Qd8 14. h3 Nf6 15. Qd6+ Kg8 16. Nxf6+ gxf6 17. Bg2 Nc6 18. Bxc6 bxc6 19. Nc3 h5 20. Be3 Rb8 21. Rd1 Rxb2 22. Qxd7 Qa5 23. Qd8+ Qxd8 24. Rxd8+ Kg7 25. Rxh8 Kxh8 26. Kf2 Rc2 27. Rc1 Rb2 28. Bxa7 f5 29. a4 Rb4 30. Bc5 Rc4 31. Bd6 f6 32. a5 Rd4 33. Be7 Kg7 34. a6 Rd7 35. Bc5 Rd8 36. a7 Ra8 37. Na4 f4 38. gxf4 exf4 39. Rb1 f3 40. exf3 f5 41. Rb8 Rxa7 42. Bxa7 f4 43. Re8 Kf6 44. Re4 Kg5 45. Bb8 Kh4 46. Bxf4 Kxh3 47. Bg5 c5 48. f4 h4 49. f5 c4 50. f6 c3 51. f7 c2 52. f8=Q c1=Q 53. Bxc1 Kh2 54. Rxh4# 1-0


[Site "https://www.chess.com"]

[Event "Titled Tuesday Blitz August 15 Early 2023"]
[White "Cheer_Down"]
[Black "Tqebuchava, Zurab"]
[BlackFideId "13601113"]
[WhiteElo "2358"]
[BlackElo "2191"]
[Result "0-1"]
[Round "5"]
[TimeControl "180+1"]
[Date "2023.08.15"]
[WhiteClock "0:00:00"]
[BlackClock "0:00:16"]
[Board "209"]

1. e4 d6 2. d4 g6 3. Nc3 Bg7 4. Nf3 Bg4 5. h3 Bxf3 6. gxf3 Nd7 7. h4 h5 8. Bg5 c6 9. Qd2 Qc7 10. Bc4 e6 11. Be3 d5 12. Bd3 Ne7 13. Rg1 O-O-O 14. O-O-O Bf6 15. Bg5 Bxg5 16. Qxg5 Rhe8 17. Kb1 Kb8 18. a3 Nc8 19. Qh6 Qh2 20. Qg5 Qd6 21. Qh6 Qe7 22. Qf4+ Qd6 23. Qh6 Qe7 24. Qf4+ Nd6 25. Rge1 Qf8 26. Qg3 Kc8 27. Qf4 dxe4 28. fxe4 e5 29. dxe5 Nxe5 30. Bf1 Qg7 31. Qc1 Nec4 0-1


[Site "https://www.chess.com"]

[Event "Titled Tuesday Blitz August 15 Early 2023"]
[White "Feliz Dotel, Dewar Bienvenido"]
[Black "Slovineanu, Viacheslav"]
[WhiteFideId "6402801"]
[BlackFideId "13900510"]
[WhiteElo "2189"]
[BlackElo "2357"]
[Result "1/2-1/2"]
[Round "5"]
[TimeControl "180+1"]
[Date "2023.08.15"]
[WhiteClock "0:00:03"]
[BlackClock "0:00:02"]
[Board "210"]

1. d4 Nf6 2. e3 d5 3. Nf3 Bg4 4. h3 Bxf3 5. Qxf3 e6 6. c4 c5 7. cxd5 Qxd5 8. Bb5+ Nbd7 9. Qxd5 Nxd5 10. Bxd7+ Kxd7 11. dxc5 Bxc5 12. O-O f5 13. a3 Rac8 14. b4 Be7 15. Bb2 Bf6 16. Bxf6 gxf6 17. Nd2 Rc2 18. Nb3 b6 19. Nd4 Rc4 20. Rfd1 Ke7 21. b5 f4 22. Nc6+ Kf7 23. exf4 Nxf4 24. Rd7+ Kg6 25. Rxa7 Kh6 26. Re1 Rg8 27. g3 Rc2 28. Nd4 Nxh3+ 29. Kh2 Rd2 30. Kxh3 Rxd4 31. Kg2 e5 32. Rh1+ Kg6 33. Rhxh7 Rd5 34. a4 Rd4 35. Rhb7 Rc8 36. Rxb6 Rc2 37. Raa6 Rdd2 38. Rxf6+ Kg5 39. Rf3 e4 40. Rf8 e3 41. Kh3 Rxf2 42. Rxf2 Rxf2 43. Re6 e2 44. g4 Kf4 45. g5 Kxg5 46. Kg3 Rf1 47. Rxe2 Ra1 48. Re4 Kf5 49. Rh4 Ke5 50. Kf2 Kd5 51. Ke2 Kc5 52. Kd2 Kb6 53. Kc3 Ka5 54. Kb2 Rg1 55. Rd4 Rg2+ 56. Kc3 Rg3+ 57. Rd3 Rg1 58. Kb3 Rb1+ 59. Ka2 Rb4 60. Ra3 Kb6 61. Ka1 Ka5 62. Ka2 Rh4 63. Kb2 Rh2+ 64. Kc1 Rg2 65. Kd1 Rh2 66. Rb3 Kxa4 67. Rb1 Rh1+ 68. Kc2 Rxb1 69. Kxb1 Kxb5 1/2-1/2


[Site "https://www.chess.com"]

[Event "Titled Tuesday Blitz August 15 Early 2023"]
[White "Baruch, Liam"]
[Black "Freile Martin, Javier"]
[WhiteFideId "14322064"]
[BlackFideId "3600165"]
[WhiteElo "2149"]
[BlackElo "2307"]
[Result "0-1"]
[Round "5"]
[TimeControl "180+1"]
[Date "2023.08.15"]
[WhiteClock "0:00:06"]
[BlackClock "0:01:26"]
[Board "211"]

1. e4 c5 2. Nf3 d6 3. d4 cxd4 4. Nxd4 Nf6 5. Nc3 Bd7 6. Be2 Nc6 7. Be3 e6 8. O-O a6 9. f4 Be7 10. Bf3 Rc8 11. Qe1 Nxd4 12. Bxd4 Qa5 13. Qg3 Qb4 14. Rad1 Rc4 15. a3 Qxb2 16. Qxg7 Rg8 17. Qh6 Rxd4 18. Rxd4 Qxc3 19. Rfd1 Bc6 20. Kh1 Qe3 21. R4d3 Qc5 22. e5 dxe5 23. fxe5 Bxf3 24. Rxf3 Qxe5 25. Rfd3 Ng4 26. Qh4 Bxh4 0-1


[Site "https://www.chess.com"]

[Event "Titled Tuesday Blitz August 15 Early 2023"]
[White "Muhammad Shahzeb"]
[Black "Johnson, Ben"]
[WhiteFideId "7804806"]
[BlackFideId "2010917"]
[WhiteElo "2300"]
[BlackElo "2126"]
[Result "0-1"]
[Round "5"]
[TimeControl "180+1"]
[Date "2023.08.15"]
[WhiteClock "0:00:10"]
[BlackClock "0:00:12"]
[Board "212"]

1. e4 c5 2. Nc3 Nc6 3. f4 g6 4. Nf3 Bg7 5. Bb5 Nd4 6. Bc4 e6 7. d3 a6 8. O-O b5 9. Bb3 Ne7 10. Nxd4 cxd4 11. Ne2 d5 12. e5 h5 13. Nxd4 a5 14. a4 b4 15. Be3 O-O 16. Bf2 Ba6 17. Kh1 Rc8 18. Bh4 Qc7 19. Nf3 Nf5 20. Bf2 Bh6 21. Nd4 Bxf4 22. Nxf5 exf5 23. Bxd5 Qxe5 24. Bb3 Bxh2 25. Qf3 Qb8 26. Rae1 Bb7 27. Qh3 Be5 28. d4 Bg7 29. Bg3 Qa8 30. Be5 Be4 31. Bxg7 Kxg7 32. c3 bxc3 33. bxc3 Qc6 34. Rc1 Rb8 35. Bd1 Rb2 36. Bf3 Bxf3 37. Rxf3 Re8 38. Qg3 Ree2 39. Rg1 Ra2 40. Rxf5 Rxg2 41. Rxg2 Qxg2+ 42. Qxg2 Rxg2 43. Rxf7+ Kxf7 44. Kxg2 Ke6 45. c4 Kd6 46. Kf3 g5 47. Ke4 Ke6 48. c5 h4 49. d5+ Kf6 50. Kf3 Ke5 51. c6 Kd6 52. Kg4 Kc7 53. Kh3 Kd6 54. Kg4 Kc7 55. Kf5 Kd6 56. Ke4 Kc7 57. Ke5 h3 58. d6+ Kxc6 59. Ke6 h2 60. d7 h1=Q 61. d8=Q Qe1+ 62. Kf5 Qf1+ 63. Kxg5 Qg2+ 64. Kf5 Qf2+ 65. Ke4 Qe2+ 66. Kf4 Qf2+ 67. Ke4 Qe2+ 68. Kf5 Qf3+ 69. Ke6 Qe4+ 70. Kf6 Qf4+ 71. Ke7 Qe5+ 72. Kf8 Qd6+ 73. Ke8 Qxd8+ 74. Kxd8 Kc5 75. Kd7 Kb4 76. Kd6 Kxa4 77. Kd5 Kb4 78. Kd4 a4 79. Kd3 Kb3 80. Kd2 Kb2 81. Kd3 a3 82. Kc4 a2 83. Kb4 a1=Q 0-1


[Site "https://www.chess.com"]

[Event "Titled Tuesday Blitz August 15 Early 2023"]
[White "Grigoryan, Meri"]
[Black "Martin, Lewis"]
[WhiteFideId "13300571"]
[BlackFideId "410551"]
[WhiteElo "2119"]
[BlackElo "2295"]
[Result "0-1"]
[Round "5"]
[TimeControl "180+1"]
[Date "2023.08.15"]
[WhiteClock "0:00:00"]
[BlackClock "0:00:35"]
[Board "213"]

1. d4 d5 2. c4 c6 3. cxd5 cxd5 4. Nc3 Nf6 5. Nf3 Nc6 6. Bf4 a6 7. e3 Qa5 8. Bd3 Bg4 9. O-O Bxf3 10. Qxf3 e6 11. a3 Be7 12. b4 Qd8 13. Rfd1 O-O 14. Rac1 Rc8 15. Na4 Nd7 16. Nc5 Nxc5 17. bxc5 f5 18. Rb1 Qd7 19. Rb2 g5 20. Bg3 f4 21. exf4 Nxd4 22. Bxh7+ Kxh7 23. Rxd4 Bf6 24. Qd3+ Kg7 25. fxg5 Bxd4 26. Qxd4+ Kg8 27. Bd6 Rf5 28. h4 b5 29. Rb3 Qg7 30. Qg4 Qa1+ 31. Kh2 Kg7 32. h5 Qc1 33. Rg3 Rh8 34. h6+ Kg6 35. Rf3 Qxg5 36. Qxg5+ Rxg5 37. c6 Rh5+ 38. Kg1 R5xh6 39. Kf1 Rc8 40. c7 Rh7 41. Rg3+ Kf5 42. Rc3 Rd7 43. Rc6 e5 44. Rxa6 d4 45. Rb6 Ke4 46. Ke1 Kd5 47. Rb8 Rcxc7 48. Bxc7 Rxc7 49. Rxb5+ Ke4 50. Rb8 Kd3 51. Kd1 e4 52. Rb3+ Kc4 53. Rb1 Rh7 54. Rc1+ Kd3 0-1


[Site "https://www.chess.com"]

[Event "Titled Tuesday Blitz August 15 Early 2023"]
[White "Maluco_do_Natal_00"]
[Black "Shapiro, Daniel"]
[BlackFideId "2001780"]
[WhiteElo "2060"]
[BlackElo "2291"]
[Result "1/2-1/2"]
[Round "5"]
[TimeControl "180+1"]
[Date "2023.08.15"]
[WhiteClock "0:00:04"]
[BlackClock "0:00:08"]
[Board "214"]

1. e4 c5 2. Nf3 d6 3. d4 cxd4 4. Nxd4 Nf6 5. Nc3 Nc6 6. Be3 e6 7. f3 a6 8. Qd2 Be7 9. Bc4 Qc7 10. Bb3 Ne5 11. g4 b5 12. g5 Nh5 13. O-O-O Bb7 14. Kb1 Nc4 15. Bxc4 Qxc4 16. h4 O-O-O 17. Nb3 Qc7 18. Qf2 Rd7 19. Bb6 Qb8 20. a3 h6 21. gxh6 Rxh6 22. Rhg1 g6 23. Na5 Ng7 24. Rh1 f5 25. Be3 Rh5 26. Rdg1 d5 27. Rxg6 Bd8 28. Nxb7 Qxb7 29. Rhg1 Ne8 30. Rxe6 Nc7 31. Reg6 dxe4 32. fxe4 fxe4 33. Bg5 b4 34. axb4 Qxb4 35. Rg8 Nb5 36. Nxb5 axb5 37. Rxd8+ Rxd8 38. Bxd8 Kxd8 39. Rg8+ Kc7 40. Qf7+ Kc6 41. Rg6+ Kc5 42. Qe7+ Kc4 43. b3+ Kc3 44. Qxb4+ Kxb4 45. Rg4 Re5 46. Kb2 Kc5 47. h5 e3 48. Rg1 b4 49. Re1 Kd4 50. h6 Rh5 51. Kc1 Rh2 52. h7 Rxh7 53. Kb2 Rh2 54. Kc1 Rh3 55. Kb2 Ke4 56. Kc1 Kf3 57. Kb2 e2 58. Rc1 Kf2 59. c3 e1=Q 60. Rxe1 Kxe1 61. cxb4 Kd2 62. Ka3 Kc3 63. b5 Rh6 64. Ka4 Rh8 65. Ka5 Kxb3 66. b6 Kc4 67. b7 Kc5 68. Ka6 Kc6 69. Ka7 Rh7 70. Ka8 Rh8+ 71. b8=Q Rxb8+ 72. Kxb8 1/2-1/2


[Site "https://www.chess.com"]

[Event "Titled Tuesday Blitz August 15 Early 2023"]
[White "Saucey, Michel"]
[Black "Gyulamiryan-koryun"]
[WhiteFideId "601845"]
[WhiteElo "2288"]
[BlackElo "2025"]
[Result "1-0"]
[Round "5"]
[TimeControl "180+1"]
[Date "2023.08.15"]
[WhiteClock "0:00:22"]
[BlackClock "0:00:00"]
[Board "215"]

1. d4 Nf6 2. Nf3 d5 3. c4 e6 4. Nc3 dxc4 5. e4 a6 6. e5 Nd5 7. Bxc4 b5 8. Bd3 Bb7 9. O-O Nd7 10. Ne4 c5 11. Bg5 Qb6 12. a4 cxd4 13. axb5 axb5 14. Rxa8+ Bxa8 15. Qb3 Nb4 16. Bb1 Bd5 17. Qd1 d3 18. Bxd3 Nxd3 19. Qxd3 Bc4 20. Qc2 Bb4 21. b3 f6 22. bxc4 fxg5 23. Nexg5 g6 24. Nxh7 Kf7 25. Nhg5+ Kg7 26. cxb5 Ra8 27. Qc4 Bc5 28. Nxe6+ 1-0


[Site "https://www.chess.com"]